PUB
SAN FRANCISCO MEATBALLS @ REDWOOD PIONEERS
04/08/1972
 
TOP OF THE 1ST
San Francisco Meatballs batting - Pitching for Redwood Pioneers : RHP Robby Woodrow
Pitching: RHP Robby Woodrow
Batting: LHB José Otero 0-0: Foul Ball, location: 2LF
0-1: Ball
1-1: Swinging Strike
1-2: Ball
2-2: Strikes out swinging
Batting: SHB Daniel Taylor 0-0: Ball
1-0: Swinging Strike
1-1: Ball
2-1: Foul Ball, location: 5FF
2-2: Ball
3-2: Strikes out swinging
Batting: LHB Jonathan Norton 0-0: Ball
1-0: Foul Ball, location: 25F
1-1: Swinging Strike
1-2: Strikes out swinging
Top of the 1st over - 0 runs, 0 hits, 0 errors, 0 left on base; San Francisco 0 - Redwood 0
BOTTOM OF THE 1ST
Redwood Pioneers batting - Pitching for San Francisco Meatballs : RHP Tom Pesky
Pitching: RHP Tom Pesky
Batting: LHB Danny Meehan 0-0: Ball
1-0: Called Strike
1-1: Fly out, F8 (Flyball, 8RXD, EV 86.3 MPH)
Batting: RHB Alfredo Nannini 0-0: Ball
1-0: Called Strike
1-1: Ball
2-1: Foul Ball, location: 9LMF
2-2: SINGLE (Groundball, 34D, EV 110.6 MPH)
Batting: LHB Jerry Gregory 0-0: Ball
Alfredo Nannini steals 2nd base
1-0: Swinging Strike
1-1: Foul Ball, location: 25FF
1-2: Strikes out swinging
Batting: RHB José Moya 0-0: Ball
1-0: Ball
2-0: Foul Ball, location: 5F
2-1: Swinging Strike
2-2: Ball
3-2: Strikes out swinging
Bottom of the 1st over - 0 runs, 1 hit, 0 errors, 1 left on base; San Francisco 0 - Redwood 0
TOP OF THE 2ND
San Francisco Meatballs batting - Pitching for Redwood Pioneers : RHP Robby Woodrow
Batting: LHB Jorge López 0-0: Foul Ball, location: 2F
0-1: Foul Ball, location: 2F
0-2: Strikes out swinging
Batting: SHB Munenori Sato 0-0: Swinging Strike
0-1: Called Strike
0-2: Foul Ball, location: 25F
0-2: Strikes out swinging
Batting: RHB Daniel MacGuffie 0-0: Ball
1-0: Foul Ball, location: 3FF
1-1: Foul Ball, location: 9LDF
1-2: Foul Ball, location: 2LF
1-2: Strikes out swinging
Top of the 2nd over - 0 runs, 0 hits, 0 errors, 0 left on base; San Francisco 0 - Redwood 0
BOTTOM OF THE 2ND
Redwood Pioneers batting - Pitching for San Francisco Meatballs : RHP Tom Pesky
Batting: LHB Howard York 0-0: Called Strike
0-1: Ball
1-1: Ball
2-1: Fly out, F8 (Flyball, 89D, EV 81.3 MPH)
Batting: RHB Elliott Maddox 0-0: Ball
1-0: Foul Ball, location: 3FF
1-1: Ground out U3 (Groundball, 3L, EV 82.5 MPH)
Batting: LHB Bobby Murcer 0-0: Ground out U3 (Groundball, 3, EV 87.5 MPH)
Bottom of the 2nd over - 0 runs, 0 hits, 0 errors, 0 left on base; San Francisco 0 - Redwood 0
TOP OF THE 3RD
San Francisco Meatballs batting - Pitching for Redwood Pioneers : RHP Robby Woodrow
Batting: LHB Johnny Edwards 0-0: Ball
1-0: Foul Ball, location: 5DF
1-1: Ball
2-1: Called Strike
2-2: Ball
3-2: Ground out 6-3 (Groundball, 6, EV 104.4 MPH)
Batting: RHB Dave Concepcion 0-0: Swinging Strike
0-1: Ball
1-1: Foul Ball, location: 2F
1-2: Ground out 5-3 (Groundball, 56, EV 100.0 MPH)
Batting: RHB Tom Pesky 0-0: Ball
1-0: Ball
2-0: Ball
3-0: Called Strike
3-1: Foul Ball, location: 7LSF
3-2: Strikes out looking
Top of the 3rd over - 0 runs, 0 hits, 0 errors, 0 left on base; San Francisco 0 - Redwood 0
BOTTOM OF THE 3RD
Redwood Pioneers batting - Pitching for San Francisco Meatballs : RHP Tom Pesky
Batting: RHB Bob Sanderson 0-0: Ball
1-0: Fly out, F8 (Flyball, 78S, EV 83.8 MPH)
Batting: LHB Robby Woodrow 0-0: Ball
1-0: SINGLE (Groundball, 4MD, EV 102.5 MPH)
Batting: LHB Danny Meehan 0-0: Called Strike
0-1: Foul Ball, location: 2F
0-2: Ball
1-2: Ball
2-2: Ball
3-2: Foul Ball, location: 2F
3-2: 2-RUN HOME RUN (Flyball, 9D, EV 99.4 MPH), Distance : 363 ft
Batting: RHB Alfredo Nannini 0-0: Ball
1-0: Ball
2-0: Ball
3-0: Called Strike
3-1: Fly out, F7 (Flyball, 78S, EV 93.1 MPH)
Batting: LHB Jerry Gregory 0-0: Called Strike
0-1: SINGLE (Line Drive, 8LS, EV 101.9 MPH)
Batting: RHB José Moya 0-0: Swinging Strike
0-1: Foul Ball, location: 5FF
0-2: Strikes out swinging
Bottom of the 3rd over - 2 runs, 3 hits, 0 errors, 1 left on base; San Francisco 0 - Redwood 2
TOP OF THE 4TH
San Francisco Meatballs batting - Pitching for Redwood Pioneers : RHP Robby Woodrow
Batting: LHB José Otero 0-0: Ball
1-0: Foul Ball, location: 2F
1-1: Fly out, F9 (Flyball, 9, EV 83.1 MPH)
Batting: SHB Daniel Taylor 0-0: Called Strike
0-1: Foul Ball, location: 2F
0-2: Ball
1-2: Foul Ball, location: 3F
1-2: Foul Ball, location: 5FF
1-2: Foul Ball, location: 5F
1-2: Foul Ball, location: 2RF
1-2: Strikes out swinging
Batting: LHB Jonathan Norton 0-0: Foul Ball, location: 2F
0-1: Called Strike
0-2: Ball
1-2: Strikes out looking
Top of the 4th over - 0 runs, 0 hits, 0 errors, 0 left on base; San Francisco 0 - Redwood 2
BOTTOM OF THE 4TH
Redwood Pioneers batting - Pitching for San Francisco Meatballs : RHP Tom Pesky
Batting: LHB Howard York 0-0: DOUBLE (Flyball, 8RXD, EV 110.0 MPH)
Batting: RHB Elliott Maddox 0-0: Called Strike
0-1: Called Strike
0-2: Foul Ball, location: 2F
0-2: Strikes out swinging
Batting: LHB Bobby Murcer 0-0: Foul Ball, location: 2F
0-1: Ball
1-1: Ground out 4-3 (Groundball, 4M, EV 93.8 MPH)
Batting: RHB Bob Sanderson 0-0: Intentional Walk
Batting: LHB Robby Woodrow 0-0: Called Strike
0-1: Ball
1-1: Ball
2-1: Foul Ball, location: 3F
2-2: Foul Ball, location: 3F
2-2: Foul Ball, location: 25FF
2-2: Foul Ball, location: 2F
2-2: Foul Ball, location: 3FF
2-2: Ball
3-2: Strikes out swinging
Bottom of the 4th over - 0 runs, 1 hit, 0 errors, 2 left on base; San Francisco 0 - Redwood 2
TOP OF THE 5TH
San Francisco Meatballs batting - Pitching for Redwood Pioneers : RHP Robby Woodrow
Batting: LHB Jorge López 0-0: Ball
1-0: Ball
2-0: Ball
3-0: Ground out 4-3 (Groundball, 4, EV 88.1 MPH)
Batting: SHB Munenori Sato 0-0: Ball
1-0: Swinging Strike
1-1: Ball
2-1: Foul Ball, location: 5FF
2-2: Strikes out swinging
Batting: RHB Daniel MacGuffie 0-0: Swinging Strike
0-1: Ball
1-1: SINGLE (Flyball, 9LS, EV 93.8 MPH)
Batting: LHB Johnny Edwards 0-0: Foul Ball, location: 2F
0-1: Foul Ball, location: 3SF
0-2: Strikes out swinging
Top of the 5th over - 0 runs, 1 hit, 0 errors, 1 left on base; San Francisco 0 - Redwood 2
BOTTOM OF THE 5TH
Redwood Pioneers batting - Pitching for San Francisco Meatballs : RHP Tom Pesky
Batting: LHB Danny Meehan 0-0: Ball
1-0: SINGLE (Groundball, 4D, EV 102.5 MPH)
Batting: RHB Alfredo Nannini 0-0: Foul Ball, location: 3FF
0-1: Sac Bunt to 15S - play at first, batter safe!
Danny Meehan to second
Batting: LHB Jerry Gregory 0-0: Ball
1-0: Foul Ball, location: 7LMFF
1-1: SINGLE (Line Drive, 8LS, EV 91.9 MPH)
Danny Meehan to third
Alfredo Nannini to second
Batting: RHB José Moya 0-0: Ball
1-0: Called Strike
1-1: Ball
2-1: Foul Ball, location: 3DF
2-2: Strikes out looking
Batting: LHB Howard York 0-0: Ball
Wild Pitch!
Danny Meehan scores
Alfredo Nannini to third
Jerry Gregory to second
1-0: Intentional Walk
Batting: RHB Elliott Maddox 0-0: Swinging Strike
0-1: Ball
1-1: Foul Ball, location: 2F
1-2: Foul Ball, location: 2F
1-2: Foul Ball, location: 5FF
1-2: Strikes out swinging
Batting: LHB Bobby Murcer 0-0: Called Strike
0-1: Swinging Strike
0-2: SINGLE (Groundball, 6MD, EV 95.6 MPH)
Alfredo Nannini scores
Jerry Gregory to third
Howard York to second
Runner from 3rd tries for Home, throw by CF and OUT! 8-2
Bottom of the 5th over - 2 runs, 4 hits, 0 errors, 2 left on base; San Francisco 0 - Redwood 4
TOP OF THE 6TH
San Francisco Meatballs batting - Pitching for Redwood Pioneers : RHP Robby Woodrow
Batting: RHB Dave Concepcion 0-0: SOLO HOME RUN (Flyball, 78XD, EV 110.6 MPH), Distance : 420 ft
Batting: RHB Tom Pesky 0-0: Ball
1-0: Swinging Strike
1-1: Called Strike
1-2: Ball
2-2: Ground out 6-3 (Groundball, 6, EV 80.6 MPH)
Batting: LHB José Otero 0-0: Ball
1-0: Ball
2-0: Ball
3-0: Base on Balls
Batting: SHB Daniel Taylor 0-0: Fly out, F8 (Flyball, 8RM, EV 90.6 MPH)
Batting: LHB Jonathan Norton 0-0: Called Strike
José Otero is caught stealing 2nd base 2-6
Top of the 6th over - 1 run, 1 hit, 0 errors, 0 left on base; San Francisco 1 - Redwood 4
BOTTOM OF THE 6TH
Redwood Pioneers batting - Pitching for San Francisco Meatballs : RHP Tom Pesky
Batting: RHB Bob Sanderson 0-0: Called Strike
0-1: Ball
1-1: Foul Ball, location: 23F
1-2: Strikes out swinging
Batting: LHB Robby Woodrow 0-0: Ball
1-0: Ball
2-0: Foul Ball, location: 7LSF
2-1: Ball
3-1: Called Strike
3-2: Strikes out looking
Batting: LHB Danny Meehan 0-0: Called Strike
0-1: Called Strike
0-2: Foul Ball, location: 5F
0-2: Foul Ball, location: 7LDF
0-2: Ball
1-2: Fly out, F7 (Flyball, 7S, EV 87.5 MPH)
Bottom of the 6th over - 0 runs, 0 hits, 0 errors, 0 left on base; San Francisco 1 - Redwood 4
TOP OF THE 7TH
San Francisco Meatballs batting - Pitching for Redwood Pioneers : RHP Robby Woodrow
Batting: LHB Jonathan Norton 0-0: Ball
1-0: Foul Ball, location: 23F
1-1: Foul Ball, location: 2F
1-2: Strikes out swinging
Batting: LHB Jorge López 0-0: Ball
1-0: Ball
2-0: Foul Ball, location: 5DF
2-1: Called Strike
2-2: Strikes out swinging
Batting: SHB Munenori Sato 0-0: Called Strike
0-1: Swinging Strike
0-2: Ball
1-2: Strikes out looking
Top of the 7th over - 0 runs, 0 hits, 0 errors, 0 left on base; San Francisco 1 - Redwood 4
BOTTOM OF THE 7TH
Redwood Pioneers batting - Pitching for San Francisco Meatballs : RHP Tom Pesky
Batting: RHB Alfredo Nannini 0-0: Called Strike
0-1: Swinging Strike
0-2: Ball
1-2: Ball
2-2: Ball
3-2: Base on Balls
Pitching: LHP Ray Sadecki
Batting: LHB Jerry Gregory 0-0: Ball
Alfredo Nannini steals 2nd base (no throw)
1-0: Called Strike
1-1: Fly out, F7 (Flyball, 7, EV 81.3 MPH)
Batting: RHB José Moya 0-0: Intentional Walk
Batting: LHB Howard York 0-0: DOUBLE (Line Drive, 89D, EV 108.8 MPH)
Alfredo Nannini scores
José Moya to third
Runner from 3rd tries for Home, SAFE, throw by RF to home
Batting: RHB Elliott Maddox 0-0: Called Strike
0-1: Ball
1-1: Ball
2-1: Foul Ball, location: 2LF
2-2: Foul Ball, location: 25F
2-2: Ball
3-2: Fly out, F9 (Flyball, 9, EV 90.0 MPH)
Batting: LHB Bobby Murcer 0-0: Ball
1-0: Ball
2-0: Ground out U3 (Groundball, 3L, EV 81.3 MPH)
Bottom of the 7th over - 2 runs, 1 hit, 0 errors, 1 left on base; San Francisco 1 - Redwood 6
TOP OF THE 8TH
San Francisco Meatballs batting - Pitching for Redwood Pioneers : RHP Robby Woodrow
Batting: RHB Daniel MacGuffie 0-0: Swinging Strike
0-1: Ball
1-1: Called Strike
1-2: Strikes out looking
Pitching: RHP Hiroya Kimura
Batting: LHB Johnny Edwards 0-0: Swinging Strike
0-1: Ball
1-1: Ball
2-1: SINGLE (Line Drive, 6D, EV 102.5 MPH)
Batting: RHB Dave Concepcion 0-0: SINGLE (Line Drive, 4M, EV 95.0 MPH)
Johnny Edwards to second
Pinch Hitting: SHB Nathan McClain 0-0: Swinging Strike
0-1: Ball
1-1: Foul Ball, location: 2F
1-2: Strikes out swinging
Batting: LHB José Otero 0-0: Called Strike
0-1: SINGLE (Groundball, 34D, EV 100.6 MPH)
Johnny Edwards to third
Dave Concepcion to second
Runner from 3rd tries for Home, throw by RF and OUT! 9-2
Top of the 8th over - 0 runs, 3 hits, 0 errors, 2 left on base; San Francisco 1 - Redwood 6
BOTTOM OF THE 8TH
Redwood Pioneers batting - Pitching for San Francisco Meatballs : LHP Ray Sadecki
Pitching: RHP Cipriano Valdés
Batting: RHB Bob Sanderson 0-0: Foul Ball, location: 9LDF
0-1: SINGLE (Line Drive, 34, EV 105.0 MPH)
Pinch Hitting: RHB Joe Givens 0-0: Ball
1-0: Foul Ball, location: 5F
1-1: Ball
2-1: Ball
3-1: Ground out 5-3 (Groundball, 56S, EV 66.9 MPH)
Bob Sanderson to second
Batting: LHB Danny Meehan 0-0: Called Strike
0-1: Called Strike
0-2: Ball
1-2: Ground out 4-3 (Groundball, 34, EV 102.5 MPH)
Bob Sanderson to third
Batting: RHB Alfredo Nannini 0-0: Ball
1-0: Called Strike
1-1: Foul Ball, location: 9LMF
1-2: Strikes out looking
Bottom of the 8th over - 0 runs, 1 hit, 0 errors, 1 left on base; San Francisco 1 - Redwood 6
TOP OF THE 9TH
San Francisco Meatballs batting - Pitching for Redwood Pioneers : RHP Hiroya Kimura
Pitching: RHP Kanko Fukuda
Batting: SHB Daniel Taylor 0-0: Called Strike
0-1: Foul Ball, location: 25F
0-2: Ball
1-2: Ground out 4-3 (Groundball, 4S, EV 85.6 MPH)
Batting: LHB Jonathan Norton 0-0: Foul Ball, location: 25F
0-1: Swinging Strike
0-2: Foul Ball, location: 2F
0-2: Ball
1-2: Ball
2-2: Strikes out looking
Batting: LHB Jorge López 0-0: SINGLE (Line Drive, 6MD, EV 95.6 MPH)
Batting: SHB Munenori Sato 0-0: Called Strike
0-1: Ball
1-1: Ball
2-1: SINGLE (Line Drive, 56, EV 98.1 MPH)
Jorge López to second
Batting: RHB Daniel MacGuffie 0-0: Ball
1-0: Ball
2-0: Swinging Strike
2-1: Fly out, F9 (Flyball, 9LS, EV 79.4 MPH)
Top of the 9th over - 0 runs, 2 hits, 0 errors, 2 left on base; San Francisco 1 - Redwood 6
Thursday, February 22nd , 2024 - OOTP Baseball 24.8 Build 75